 Dungeon Crawl Stone Soup version 0.19-a0-261-g60b6c46 (webtiles) character file.

119798 aurelian the Fighter (level 16, -30/130 HPs)
             Began as a Mummy Fighter on May 25, 2016.
             Was an Initiate of Gozag.
             Annihilated by Rupert
             ... wielding a +2 great sword of holy wrath
              (45 damage)
             ... on level 15 of the Dungeon.
             The game lasted 01:33:56 (36539 turns).

aurelian the Fighter (Mummy Fighter)               Turns: 36539, Time: 01:33:57

Health: -30/130    AC: 34    Str: 25    XL:     16   Next: 28%
Magic:  21/21      EV: 13    Int:  8    God:    Gozag
Gold:   3990       SH: 13    Dex: 16    Spells: 0 memorised, 15 levels left

rFire  + . .     SeeInvis +     a - +3 demon whip of Action {venom, *Confuse MR+ Str+4 Stlth+}
rCold  + . .     Gourm    .     v - +6 gold dragon armour
rNeg   + + +     Faith    .     c - +0 shield
rPois  ∞         Spirit   .     f - +1 helmet {SInv}
rElec  .         Dismiss  .     U - +0 cloak {MR+}
rCorr  .         Reflect  .     Z - +2 pair of gloves {archery}
SustAt .         Harm     .     l - +1 pair of boots
MR     ++++.                    (no amulet)
Stlth  ..........               R - +5 ring of evasion
                                E - ring of fire

@: gold aura, flying, very slightly contaminated, hasted, very quick, incredibly
resistant to hostile enchantments, extremely unstealthy
A: no food or potions, fire vulnerability, cold resistance 1, negative energy
resistance 3, torment resistance, unbreathing, in touch with death 1, restore
body
a: Self-Restoration, Potion Petition, Call Merchant, Bribe Branch, Renounce
Religion


You were on level 15 of the Dungeon.
You worshipped Gozag.
Gozag was noncommittal.
You were not hungry.

You visited 4 branches of the dungeon, and saw 26 of its levels.
You also visited: Labyrinth, Ossuary and Ice Cave.

You collected 10681 gold pieces.
You spent 3901 gold pieces at shops.
You paid 2790 gold pieces to Gozag.

Inventory:

Hand Weapons
 a - the +3 demon whip of Action (weapon) {venom, *Confuse MR+ Str+4 Stlth+}
   (You acquired it on level 7 of the Lair of Beasts)

   It poisons the flesh of those it strikes.
   It affects your strength (+4).
   It affects your resistance to hostile enchantments.
   It may confuse you when you take damage.
   It makes you more stealthy.
 b - the +5 greatsling "Xepp" {velocity, rC+ rN+}
   (You bought it in a shop on level 9 of the Dungeon)

   Any stone fired from it inflicts extra damage.
   It protects you from cold.
   It protects you from negative energy.
 n - the +6 flail of Anudoi {speed, rF++}
   (You found it on level 8 of the Lair of Beasts)

   Attacks with this weapon are significantly faster.
   It greatly protects you from fire.
 s - a +0 eveningstar
Missiles
 d - 510 stones (quivered)
 k - 165 sling bullets
Armour
 c - a +0 shield (worn)
 f - a +1 helmet of see invisible (worn)
 l - a +1 pair of boots (worn)
 v - a +6 gold dragon armour (worn)
 U - a +0 cloak of magic resistance (worn)
 Z - a +2 pair of gloves of archery (worn)
Rods
 L - a +4 rod of ignition (12/12)
   (You found it in a labyrinth)
 O - a +1 rod of inaccuracy (14/14)
   (You found it in a labyrinth)
Jewellery
 p - an uncursed amulet of magic regeneration {unknown}
 B - an uncursed ring of resist corrosion
 E - a ring of fire (left hand)
 I - an uncursed ring of protection from cold
 R - a +5 ring of evasion (right hand)
Wands
 e - a wand of iceblast (9/15)
 o - a wand of flame (34/48)
 q - a wand of flame (25/48)
 r - a wand of slowing (12/48)
 y - a wand of confusion (17/48)
 z - a wand of polymorph (11/24)
 A - a wand of enslavement (17/24)
 C - a wand of confusion (16/48)
 D - a wand of paralysis (16/24)
 G - a wand of random effects (28/48)
 N - a wand of hasting (9/9)
 Q - a wand of polymorph (12/24)
 W - a wand of iceblast (8/15)
 X - a wand of paralysis (10/24)
Scrolls
 g - 11 scrolls of remove curse
 h - 2 scrolls of fog
 i - 4 scrolls of fear
 j - 2 scrolls of amnesia
 m - 3 scrolls of magic mapping
 x - 7 scrolls of identify
 H - 4 scrolls of teleportation
 T - 3 scrolls of enchant weapon
 Y - 4 scrolls of blinking
Books
 u - a book of Minor Magic

   Spells                             Type                      Level
   a - Magic Dart                     Conjuration                  1
   b - Blink                          Translocation                2
   c - Call Imp                       Summoning                    2
   d - Repel Missiles                 Charms/Air                   2
   e - Slow                           Hexes                        2
   f - Conjure Flame                  Conjuration/Fire             3
   g - Mephitic Cloud                 Conjuration/Poison/Air       3
 F - a book of Conjurations

   Spells                             Type                      Level
   a - Magic Dart                     Conjuration                  1
   b - Searing Ray                    Conjuration                  2
   c - Dazzling Spray                 Conjuration/Hexes            3
   d - Fulminant Prism                Conjuration/Hexes            4
   e - Iskenderun's Mystic Blast      Conjuration                  4
   f - Iskenderun's Battlesphere      Conjuration/Charms           5
 J - a book of Dreams

   Spells                             Type                      Level
   a - Ensorcelled Hibernation        Hexes/Ice                    2
   b - Silence                        Hexes/Air                    5
   c - Darkness                       Hexes                        6
   d - Shadow Creatures               Summoning                    6
 K - a book of Enchantments

   Spells                             Type                      Level
   a - Cause Fear                     Hexes                        4
   b - Yara's Violent Unravelling     Hexes/Transmutation          5
   c - Silence                        Hexes/Air                    5
   d - Deflect Missiles               Charms/Air                   6
   e - Haste                          Charms                       6
   f - Discord                        Hexes                        8
 M - a book of Death

   Spells                             Type                      Level
   a - Corpse Rot                     Necromancy                   2
   b - Sublimation of Blood           Necromancy                   2
   c - Agony                          Necromancy                   5
   d - Dispel Undead                  Necromancy                   5
   e - Excruciating Wounds            Charms/Necromancy            5
   f - Bolt of Draining               Conjuration/Necromancy       5
Miscellaneous
 P - a phial of floods
 S - a phantom mirror
 V - a sack of spiders


   Skills:
 + Level 13.1 Fighting
 - Level 12.0 Maces & Flails
 - Level 5.1 Slings
 + Level 11.5 Armour
 + Level 8.1 Dodging
 + Level 11.1 Shields
 - Level 7.0 Evocations


You had 15 spell levels left.
You didn't know any spells.

Dungeon Overview and Level Annotations

Branches:
Dungeon (15/15)            Temple (1/1) D:4            Lair (8/8) D:10
 Shoals (0/4) Lair:5        Snake (0/4) Lair:3        Slime (0/6) Lair:8
    Orc (2/2) D:10            Elf (0/3) Orc:2        Vaults (0/5) D:13
 Depths (0/5) D:15

Altars:
Ashenzari
Cheibriados
Dithmenos
Elyvilon
Fedhas
Gozag
Hepliaklqana
Kikubaaqudgha
Makhleb
Nemelex Xobeh
Okawaru
Pakellas
Qazlal
Ru
Sif Muna
Trog
Ukayaw
Vehumet
Xom
Yredelemnul
Zin
The Shining One

Shops:
D:9 [(   D:11 *   Orc:2 :*[(   Lair:4 [

Portals:
Trove: D:10 (give wand of hasting (9))

Annotations:
D:8 exclusion: oklob plant
D:15 Rupert
Lair:3 exclusion: oklob plant


Innate Abilities, Weirdness & Mutations

You do not eat or drink.
Your flesh is vulnerable to fire.
You are immune to poison.
Your flesh is cold resistant. (rC+)
You are immune to negative energy. (rN+++)
You are immune to unholy pain and torment.
You can survive without breathing.
You are in touch with the powers of death.
You can restore your body by infusing magical energy.


Message History

You feel much better.
You block Rupert's attack. [a] - 702 gold - resistance, invisibility, agility and might [b] - 567 gold - haste, flight, heal wounds and curing [c] - 324 gold - might, agility and brilliance Purchase which effect?
You feel yourself speed up.
You feel very buoyant.
You fly up into the air.
You feel much better.
You feel better.
Rupert hits you with a great sword of holy wrath.
You convulse!
You are very lightly contaminated with residual magic.
You barely miss Rupert.
Rupert is almost dead.
Your gold dragon armour prevents you from hitting Rupert.
Rupert is almost dead.
Rupert hits you with a great sword of holy wrath!!
* * * LOW HITPOINT WARNING * * *
You convulse!!!
You die...
Your body crumbles into a pile of gold.

#### #..# #............ #.
#..## ####............ #.
####.###>##............ #.#
#...#...###............
#.#####.≈.#.≈.# #............
#.........#...###............
#......###+###@###...........
#.........#...#@.#...........
#.......≈.#.≈.#..#...######.#
#.........#...####...#
#....................# $
#....................#
#....................#
#...............z....#
#....................#
#.................z..#


You could see Rupert (berserk).

Vanquished Creatures
  Maud (Lair:4)
  An orc warlord (Orc:2)
  A dire elephant (D:15)
  A minotaur (Lab)
  A fire dragon (D:14)
  9 hydras
  Harold (Lair:4)
  2 catoblepae
  The ghost of ereinion the Thaumaturge, a journeyman HEWz of Sif Muna (D:11)
  4 centaur warriors
  A queen ant (Lair:7)
  23 death yaks
  A deep troll shaman (Lair:8)
  4 orc high priests (Orc:2)
  3 tengu warriors
  Nergalle (D:10)
  The ghost of did4411 the Slinger, a journeyman SpHu of Dithmenos (D:11)
  13 slime creatures
  Sonja (D:11)
  5 skeletal warriors (D:14)
  3 unseen horrors
  5 hill giants
  A manticore (D:15)
  A mana viper (Lair:3)
  3 griffons
  3 orc sorcerers (Orc:2)
  A lindwurm (Lair:5)
  5 orc knights
  5 cyclopes
  2 deep elf magi
  11 ugly things
  20 elephants
  A siren (Lair:5)
  5 black mambas
  A guardian serpent (Lair:3)
  An ice statue (Lair:5)
  17 spiny frogs
  3 centaur skeletons
  2 torpor snails
  6 rime drakes
  7 komodo dragons
  3 tengu conjurers (D:14)
  A freezing wraith (Lair:5)
  9 trolls
  2 polar bears
  A two-headed ogre (D:14)
  Prince Ribbit (D:9)
  A boulder beetle (Lair:4)
  30 blink frogs
  Grinder (D:5)
  46 yaks
  Grum (D:10)
  9 hippogriffs
  5 basilisks
  A mottled dragon (D:15)
  2 wargs (Orc:2)
  2 vampire mosquitoes (D:14)
  17 water moccasins
  4 hungry ghosts
  10 soldier ants
  Duvessa (D:6)
  21 porcupines
  38 orc warriors
  2 sky beasts
  A wasp (D:8)
  17 ice beasts
  2 black bears (Lair:8)
  A necrophage (D:12)
  4 phantoms
  14 wolves
  10 centaurs
  5 ogres
  10 crocodiles
  A big kobold (D:9)
  10 giant frogs
  2 wyvern zombies
  A wyvern skeleton (D:14)
  7 scorpions
  Dowan (D:6)
  11 killer bees
  11 wights
  3 howler monkeys
  3 electric eels
  9 crimson imps
  2 giant frog zombies
  11 jellies
  2 quasits
  6 hounds
  24 orc priests
  4 giant frog skeletons
  36 orc wizards
  7 iguanas
  7 hell rats
  37 worker ants
  41 sheep
  A big kobold zombie (Ossuary)
  3 hound skeletons
  9 mummies
  3 worker ant zombies
  A howler monkey skeleton (D:7)
  6 adders
  45 river rats
  4 shadow imps
  2 white imps (Lair:5)
  16 oozes
  An adder zombie (D:5)
  4 adder skeletons
  A worm (D:2)
  6 giant geckos
  122 orcs
  A ball python (D:1)
  8 giant cockroaches
  A gnoll zombie (Ossuary)
  7 goblins
  11 hobgoblins
  7 jackals
  5 quokkas
  9 bats
  2 giant newts (D:3)
  2 hobgoblin zombies
  A jackal zombie (D:5)
  9 kobolds
  5 kobold zombies
  An orc zombie (Ossuary)
  3 quokka zombies
  6 rats
  2 plants (Lair:4)
990 creatures vanquished.

Vanquished Creatures (others)
  An orc wizard (Orc:2)
  5 bushes (Lair:8)
  23 fungi
  31 plants
  4 toadstools (D:1)
64 creatures vanquished.

Grand Total: 1054 creatures vanquished

Notes
Turn   | Place    | Note
--------------------------------------------------------------
     0 | D:1      | aurelian the Mummy Fighter began the quest for the Orb.
     0 | D:1      | Reached XP level 1. HP: 18/18 MP: 1/1
    94 | D:1      | Reached XP level 2. HP: 22/24 MP: 2/2
   673 | D:1      | Reached XP level 3. HP: 29/29 MP: 3/3
  1046 | D:2      | Found a deep blue altar of Sif Muna.
  1903 | D:3      | Reached XP level 4. HP: 34/35 MP: 4/4
  1982 | D:3      | Found a sparkling altar of Nemelex Xobeh.
  1991 | D:3      | Found a basalt altar of Yredelemnul.
  2005 | D:3      | Found a blossoming altar of Fedhas.
  2011 | D:3      | Found a burning altar of Makhleb.
  2462 | D:4      | Found a hide-covered altar to Ukayaw.
  3117 | D:4      | Found a staircase to the Ecumenical Temple.
  3131 | Temple   | Entered the Ecumenical Temple
  3163 | Temple   | Became a worshipper of Gozag Ym Sagoz the Greedy
  3543 | D:5      | Entered Level 5 of the Dungeon
  3592 | D:5      | Reached XP level 5. HP: 40/41 MP: 5/5
  3627 | D:5      | Found a sand-covered staircase.
  3637 | Ossuary  | Entered an ossuary
  3791 | Ossuary  | HP: 2/41 [mummy (10)]
  4301 | Ossuary  | Reached skill level 5 in Maces & Flails
  4501 | Ossuary  | Reached XP level 6. HP: 35/47 MP: 6/6
  4958 | D:5      | Noticed an ice beast
  5300 | D:5      | Noticed Grinder
  5306 | D:5      | Paralysed by Grinder for 6 turns
  5349 | D:5      | Killed Grinder
  5349 | D:5      | Reached XP level 7. HP: 44/52 MP: 7/7
  6197 | D:5      | Noticed a basilisk
  6197 | D:5      | an ice beast changed into a basilisk
  6206 | D:5      | Killed a basilisk
  7132 | D:6      | Reached XP level 8. HP: 58/58 MP: 8/8
  7145 | D:6      | Reached skill level 1 in Evocations
  7570 | D:6      | Noticed Dowan
  7580 | D:6      | Killed Dowan
  7593 | D:6      | Noticed Duvessa
  7810 | D:6      | Killed Duvessa
  8580 | D:7      | Reached XP level 9. HP: 65/65 MP: 11/11
  8804 | D:7      | Reached skill level 4 in Fighting
  8959 | D:7      | Found a hide-covered altar to Ukayaw.
  9848 | D:7      | Reached skill level 5 in Fighting
 10290 | D:8      | Reached XP level 10. HP: 51/74 MP: 12/12
 10689 | D:8      | Noticed an oklob plant
 10904 | D:9      | Bought an encrusted greatsling for 700 gold pieces
 10904 | D:9      | Identified the +5 greatsling "Xepp" {velocity, rC+ rN+} (You bought it in a shop on level 9 of the Dungeon)
 11032 | D:9      | Found Leuvam's Antique Armour Shoppe.
 11060 | D:9      | Bought a pair of gloves for 112 gold pieces
 11304 | D:9      | Noticed Prince Ribbit
 11342 | D:9      | Killed Prince Ribbit
 11342 | D:9      | Reached skill level 5 in Armour
 11815 | D:9      | Reached skill level 5 in Shields
 11823 | D:10     | Entered Level 10 of the Dungeon
 11836 | D:10     | Reached skill level 6 in Fighting
 12113 | D:10     | Noticed Grum
 12122 | D:10     | Noticed Nergalle
 12370 | D:10     | Found a staircase to the Orcish Mines.
 12375 | Orc:1    | Entered Level 1 of the Orcish Mines
 12969 | D:10     | Noticed a spectral orc warlord
 13114 | D:10     | Killed Nergalle
 13114 | D:10     | Reached skill level 10 in Maces & Flails
 13118 | D:10     | Noticed a cyclops
 13140 | D:10     | Killed a cyclops
 13172 | D:10     | Killed Grum
 13412 | D:10     | Found a portal to a secret trove of treasure.
 13737 | D:10     | Found a staircase to the Lair.
 13867 | D:10     | Noticed an unseen horror
 13881 | D:10     | Killed an unseen horror
 13881 | D:10     | Reached skill level 7 in Fighting
 13881 | D:10     | Reached XP level 11. HP: 78/84 MP: 13/13
 13950 | Lair:1   | Entered Level 1 of the Lair of Beasts
 13959 | Lair:1   | Noticed a seven-headed hydra
 13965 | Lair:1   | Killed a seven-headed hydra
 14024 | Lair:1   | Found a labyrinth entrance.
 14029 | Lab      | Entered a labyrinth
 14132 | Lab      | Noticed a minotaur
 14144 | Lab      | Killed a minotaur
 14337 | Lair:1   | Found a frozen archway.
 14424 | IceCv    | Entered an ice cave
 15086 | Lair:1   | Reached skill level 8 in Fighting
 15187 | Lair:1   | Reached skill level 1 in Slings
 17332 | Lair:3   | Found a staircase to the Snake Pit.
 17418 | Lair:3   | Reached XP level 12. HP: 88/94 MP: 14/14
 18790 | Lair:4   | Noticed Harold
 18927 | Lair:4   | Killed Harold
 19121 | Lair:4   | Reached skill level 1 in Dodging
 19816 | Lair:4   | Reached skill level 9 in Fighting
 20185 | Lair:4   | Noticed a death yak
 20186 | Lair:4   | Noticed a death yak
 20186 | Lair:4   | Noticed a death yak
 20203 | Lair:4   | Killed a death yak
 20213 | Lair:4   | Killed a death yak
 20225 | Lair:4   | Killed a death yak
 20345 | Lair:4   | Bought a runed cloak for 108 gold pieces
 20345 | Lair:4   | Bought a pair of embroidered gloves for 108 gold pieces
 20511 | Lair:4   | Identified a +4 rod of ignition (12/12) (You found it in a labyrinth)
 20512 | Lair:4   | Identified a +1 rod of inaccuracy (14/14) (You found it in a labyrinth)
 20682 | Lair:4   | Noticed Maud
 20699 | Lair:4   | Killed Maud
 21273 | Lair:5   | Gained mutation: You are in touch with the powers of death. [Mummy growth]
 21273 | Lair:5   | Gained mutation: You can restore your body by infusing magical energy. [Mummy growth]
 21273 | Lair:5   | Reached XP level 13. HP: 100/101 MP: 15/15
 22333 | Lair:5   | Found a staircase to the Shoals.
 22647 | Lair:6   | Reached skill level 10 in Fighting
 23192 | Lair:6   | Reached skill level 5 in Evocations
 24099 | Lair:7   | Identified a scroll of acquirement
 24100 | Lair:7   | Got a twisted demon whip
 24101 | Lair:7   | Identified the +3 demon whip of Action {venom, *Confuse MR+ Str+4 Stlth+} (You acquired it on level 7 of the Lair of Beasts)
 24801 | Lair:7   | Reached XP level 14. HP: 83/111 MP: 18/18
 25365 | Lair:8   | Entered Level 8 of the Lair of Beasts
 25483 | Lair:4   | Bought a glowing gold dragon armour for 1920 gold pieces
 25873 | Lair:8   | Reached skill level 5 in Dodging
 26143 | Lair:8   | Reached skill level 11 in Fighting
 26275 | Lair:8   | Found a staircase to the Slime Pits.
 27352 | Lair:8   | Reached skill level 10 in Armour
 27371 | Lair:8   | Reached skill level 5 in Slings
 27977 | Lair:8   | Got a transparent flail
 27978 | Lair:8   | Identified the +6 flail of Anudoi {speed, rF++} (You found it on level 8 of the Lair of Beasts)
 28139 | Lair:8   | Reached XP level 15. HP: 110/119 MP: 20/20
 29093 | Orc:2    | Entered Level 2 of the Orcish Mines
 29152 | Orc:2    | Found a staircase to the Elven Halls.
 29156 | Orc:2    | Reached skill level 10 in Shields
 29786 | Orc:2    | Found a radiant altar of Vehumet.
 30023 | Orc:2    | Noticed an orc warlord
 30065 | Orc:2    | Killed an orc warlord
 30352 | Orc:2    | Reached skill level 12 in Fighting
 30988 | Orc:2    | Found Yneumm's Antique Armour Boutique.
 30989 | Orc:2    | Found Bezygit's Antique Weapon Boutique.
 30990 | Orc:2    | Found Afa Rov's General Store.
 30990 | Orc:2    | Found Abbe Suo's Book Shop.
 31044 | Orc:2    | Bought a scroll of acquirement for 832 gold pieces
 31438 | D:11     | Noticed did4411's ghost (journeyman SpHu)
 31446 | D:11     | Killed did4411's ghost
 31601 | D:11     | Noticed Sonja
 31608 | D:11     | Noticed ereinion's ghost (journeyman HEWz)
 31633 | D:11     | Killed ereinion's ghost
 31641 | D:11     | Killed Sonja
 31792 | D:11     | Found Iregacomp's Assorted Antiques.
 31799 | D:11     | Bought a shiny helmet for 121 gold pieces
 33388 | D:13     | Found a gate to the Vaults.
 34552 | D:14     | Reached XP level 16. HP: 129/129 MP: 21/21
 35442 | D:15     | Entered Level 15 of the Dungeon
 35572 | D:14     | Reached skill level 13 in Fighting
 36430 | D:15     | Found a staircase to the Depths.
 36497 | D:15     | Noticed Rupert
 36539 | D:15     | Annihilated by Rupert

Vault maps used:
D:1:      ldierk_walled_garden_2
D:2:      lemuel_blue_sif_altar
D:3:      grunt_temple_overflow_cloverleaf, first_bread
D:4:      minmay_temple_entry_overgrown, lemuel_tele_altar
D:5:      nicolae_ossuary_entry_giza, amethyst_killhole, st_stairs_6,
          grunt_ministairs_14, uniq_grinder
D:6:      uniq_duvessa
D:7:      marbit_many_paths
D:8:      lemuel_slime
D:9:      serial_shops, shop, uniq_prince_ribbit1
D:10:     dpeg_lair_monsters, hiddenorc1_lemuel, enter_trove_0, uniq_nergalle,
          uniq_grum
D:11:     serial_shops, shop, uniq_sonja
D:14:     hangedman_decor_riveting, grunt_tengu_nest
D:15:     hangedman_depths_entry_try_elsewhere_first, serial_shops,
          nicolae_shop_temple_entry_statues_fountains, minmay_misc_feat_doors,
          uniq_rupert
Temple:   lightli_temple_of_artemis
Lair:1:   portal_ice_cave_entry_ice_beasts, lab_entry_generic
Lair:2:   wad_woods_04
Lair:3:   minmay_lair_oklob_tunnel, minmay_snake_entry_spellcaster,
          nicolae_quartered_pool_super
Lair:4:   infiniplex_staircase_pool, serial_bayou_shore_a, uniq_harold,
          uniq_maud
Lair:5:   elwin_shoals_entry_rooms, ice2_lemuel, grunt_megastairs_5
Lair:6:   nicolae_lair_grove_arrangements, bh_autumn_forest_stairs
Lair:7:   zaba_antful_of_joy, grunt_megastairs_4
Lair:8:   grunt_lair_end_beastmaster, slime_dummy, minivault_26,
          wad_woods_road_05
Orc:1:    serial_shops, nicolae_shop_trees, nicolae_orc_lava_room, uniq_maurice
Orc:2:    st_orc_congregation, basic_altar
Lab:      labyrinth_mini_lab, labyrinth_glass_1
Ossuary:  ossuary_tomb_3
IceCv:    ice_cave_statue_garden_chambered

Skill      XL: |  1  2  3  4  5  6  7  8  9 10 11 12 13 14 15 16 |
---------------+-------------------------------------------------+-----
Maces & Flails | 2 3 4 5 6 7 8 9 10 11 12 | 12.0
Evocations     | 3 5 6 7 |  7.0
Armour         | 3 4 6 7 8 9 10 11 | 11.5
Shields        | 3 4 6 7 8 9 10 11 | 11.1
Fighting       | 5 7 8 9 10 11 12 13 | 13.1
Slings         | 2 3 5 |  5.1
Dodging        | 2 4 5 7 8 |  8.1

Action                   |  1- 3 |  4- 6 |  7- 9 | 10-12 | 13-15 | 16-18 || total
-------------------------+-------+-------+-------+-------+-------+-------++-------
Melee: Flail             |   153 |   217 |    25 |       |       |       ||   395
       Morningstar       |       |       |    69 |       |       |       ||    69
       Whip              |       |       |   438 |  1078 |   435 |       ||  1951
       Demon whip        |       |       |       |       |  1923 |   345 ||  2268
 Fire: Greatsling        |       |       |       |   168 |   388 |    23 ||   579
Throw: Stone             |       |    40 |    28 |     1 |       |       ||    69
       Tomahawk          |       |       |       |     1 |       |       ||     1
Invok: Potion Petition   |       |     1 |       |     4 |     1 |     2 ||     8
       Call Merchant     |       |       |       |     2 |       |       ||     2
Evoke: Wand              |       |     5 |    18 |     2 |     1 |       ||    26
       Rod               |       |       |       |     8 |    21 |     1 ||    30
  Use: Scroll            |       |     9 |     4 |     9 |    16 |       ||    38
 Stab: Distracted        |       |       |     3 |     8 |    10 |     1 ||    22
       Petrifying        |       |       |       |       |     3 |       ||     3
Armor: Scale mail        |    62 |    58 |       |       |       |       ||   120
       Chain mail        |       |    47 |    47 |       |       |       ||    94
       Plate armour      |       |       |   123 |   292 |   144 |       ||   559
       Gold dragon armou |       |       |       |       |   494 |    91 ||   585
Dodge: Dodged            |    40 |    54 |    42 |   158 |   461 |    70 ||   825
Block: Shield            |    74 |   107 |   172 |   357 |   806 |   110 ||  1626
